2444 views
Uploaded 2024-04-20 02:22:29
Game version 1.36 (6115)
52:03 long 4on4 ladder game on (8)Northshire_S2
Saved by GIGA
2444 views
Uploaded 2024-04-20 02:22:29
Game version 1.36 (6115)
52:03 long 4on4 ladder game on (8)Northshire_S2


178 units @ 17.7k
/ 2.5k
173 buildings @ 15.7k
/ 7.3k
| Peasant | 17 | 1275 | / | 0 |
| total: | 17 | 1275g | / | 0w |
| Scout Tower | 39 | 1170 | / | 780 |
| Arcane Tower | 4 | 280 | / | 200 |
| Guard Tower | 13 | 910 | / | 650 |
| Altar of Kings | 2 | 360 | / | 100 |
| Farm | 3 | 240 | / | 60 |
| Lumber Mill | 2 | 240 | / | 0 |
| Town Hall | 4 | 1540 | / | 820 |
| Keep | 1 | 320 | / | 210 |
| Castle | 1 | 360 | / | 210 |
| total: | 50 | 3550g | / | 1760w |
| 0:07 | Altar of Kings |
| 0:08 | Peasant |
| 0:08 | Peasant |
| 0:09 | Peasant |
| 0:09 | Peasant |
| 0:30 | Farm |
| 0:31 | Farm |
| 0:31 | Farm |
| 0:52 | Scout Tower |
| 1:02 | Peasant |
| 1:03 | Peasant |
| 1:14 | Lumber Mill |
| 1:39 | Arcane Tower |
| 1:44 | Peasant |
| 1:45 | Peasant |
| 1:45 | Peasant |
| 1:45 | Peasant |
| 2:32 | Scout Tower |
| 2:35 | Scout Tower |
| 3:07 | Scout Tower |
| 3:07 | Scout Tower |
| 3:08 | Scout Tower |
| 3:08 | Scout Tower |
| 3:09 | Scout Tower |
| 3:10 | Scout Tower |
| 3:14 | Peasant |
| 3:14 | Peasant |
| 3:16 | Improved Lumber Harvesting |
| 3:20 | Guard Tower |
| 3:25 | Peasant |
| 3:30 | Guard Tower |
| 3:43 | Improved Masonry |
| 3:46 | Peasant |
| 3:58 | Guard Tower |
| 4:07 | Peasant |
| 4:16 | Scout Tower |
| 4:16 | Scout Tower |
| 4:17 | Scout Tower |
| 4:17 | Scout Tower |
| 4:32 | Keep |
| 4:44 | Guard Tower |
| 5:02 | Scout Tower |
| 5:02 | Scout Tower |
| 5:29 | Arcane Tower |
| 5:31 | Guard Tower |
| 5:36 | Scout Tower |
| 5:37 | Scout Tower |
| 5:39 | Scout Tower |
| 5:39 | Scout Tower |
| 6:17 | Guard Tower |
| 6:50 | Guard Tower |
| 7:01 | Scout Tower |
| 7:02 | Scout Tower |
| 7:02 | Scout Tower |
| 7:27 | Peasant |
| 7:30 | Peasant |
| 7:56 | Advanced Lumber Harvesting |
| 8:00 | Guard Tower |
| 8:05 | Guard Tower |
| 8:08 | Advanced Masonry |
| 8:21 | Scout Tower |
| 8:21 | Scout Tower |
| 8:22 | Scout Tower |
| 8:22 | Scout Tower |
| 8:30 | Scout Tower |
| 9:18 | Lumber Mill |
| 9:52 | Guard Tower |
| 9:57 | Scout Tower |
| 9:57 | Scout Tower |
| 9:58 | Scout Tower |
| 10:17 | Imbued Masonry |
| 10:56 | Arcane Tower |
| 10:59 | Guard Tower |
| 11:01 | Scout Tower |
| 11:02 | Scout Tower |
| 11:02 | Scout Tower |
| 11:36 | Castle |
| 11:43 | Guard Tower |
| 11:50 | Scout Tower |
| 11:55 | Scout Tower |
| 11:57 | Scout Tower |
| 11:58 | Scout Tower |
| 11:59 | Scout Tower |
| 13:32 | Altar of Kings |
| 13:49 | Guard Tower |
| 29:30 | Town Hall |
| 29:39 | Town Hall |
| 38:23 | Town Hall |
| 45:00 | Scout Tower |
| 45:29 | Arcane Tower |
| 46:28 | Town Hall |
| Right click | 311 |
| Select | 239 |
| Chat | 229 |
| Minimap ping | 85 |
| Build/train/purchase | 49 |
| Resource trade | 6 |
| Remove unit | 1 |
DudeWhy
(236)
(51:58) : 

| Healing Salve | 1 | 100 |
| total: | 1 | 100g |
| Peasant | 14 | 1050 | / | 0 |
| Mortar Team | 8 | 1440 | / | 560 |
| total: | 22 | 2490g | / | 560w |
| Scout Tower | 22 | 660 | / | 440 |
| Guard Tower | 7 | 490 | / | 350 |
| Altar of Kings | 2 | 360 | / | 100 |
| Farm | 13 | 1040 | / | 260 |
| Lumber Mill | 2 | 240 | / | 0 |
| Barracks | 1 | 160 | / | 60 |
| Town Hall | 1 | 385 | / | 205 |
| Blacksmith | 3 | 420 | / | 180 |
| Workshop | 2 | 280 | / | 280 |
| Keep | 1 | 320 | / | 210 |
| Castle | 1 | 360 | / | 210 |
| total: | 46 | 3545g | / | 1525w |
| 0:03 | Peasant |
| 0:05 | Altar of Kings |
| 0:08 | Peasant |
| 0:10 | Peasant |
| 0:15 | Peasant |
| 0:20 | Farm |
| 0:21 | Peasant |
| 0:30 | Peasant |
| 0:48 | Peasant |
| 1:01 | Peasant |
| 1:03 | Lumber Mill |
| 1:14 | Barracks |
| 1:27 | Peasant |
| 1:58 | Peasant |
| 2:05 | Farm |
| 2:06 | Farm |
| 2:08 | Farm |
| 2:10 | Peasant |
| 2:14 | Scout Tower |
| 2:28 | Storm Bolt |
| 2:45 | Scout Tower |
| 2:54 | Peasant |
| 3:07 | Storm Bolt |
| 3:26 | Guard Tower |
| 3:28 | Scout Tower |
| 4:02 | Town Hall |
| 4:10 | Guard Tower |
| 4:12 | Peasant |
| 4:15 | Improved Masonry |
| 4:33 | Scout Tower |
| 4:36 | Peasant |
| 5:07 | Guard Tower |
| 5:11 | Scout Tower |
| 5:12 | Scout Tower |
| 5:44 | Bash |
| 6:09 | Keep |
| 6:35 | Guard Tower |
| 6:37 | Scout Tower |
| 6:39 | Scout Tower |
| 6:40 | Scout Tower |
| 6:43 | Healing Salve |
| 6:54 | Scout Tower |
| 8:02 | Guard Tower |
| 8:05 | Scout Tower |
| 8:39 | Improved Lumber Harvesting |
| 8:39 | Advanced Masonry |
| 8:41 | Blacksmith |
| 8:46 | Scout Tower |
| 8:47 | Scout Tower |
| 9:09 | Holy Light |
| 9:59 | Holy Light |
| 11:02 | Guard Tower |
| 11:05 | Castle |
| 11:08 | Lumber Mill |
| 11:55 | Blacksmith |
| 12:00 | Blacksmith |
| 12:56 | Advanced Lumber Harvesting |
| 13:37 | Black Gunpowder |
| 13:40 | Workshop |
| 14:34 | Farm |
| 14:34 | Farm |
| 14:37 | Farm |
| 14:38 | Farm |
| 14:39 | Farm |
| 14:39 | Farm |
| 15:21 | Fragmentation Shards |
| 15:21 | Flare |
| 15:22 | Mortar Team |
| 15:22 | Mortar Team |
| 15:27 | Workshop |
| 16:53 | Mortar Team |
| 17:05 | Scout Tower |
| 17:06 | Scout Tower |
| 17:06 | Scout Tower |
| 17:07 | Scout Tower |
| 17:07 | Scout Tower |
| 17:08 | Scout Tower |
| 17:27 | Divine Shield |
| 17:28 | Divine Shield |
| 19:03 | Storm Bolt |
| 19:05 | Storm Bolt |
| 19:06 | Storm Bolt |
| 22:52 | Holy Light |
| 25:41 | Bash |
| 25:46 | Holy Light |
| 25:53 | Bash |
| 27:45 | Bash |
| 27:48 | Divine Shield |
| 27:50 | Divine Shield |
| 27:52 | Holy Light |
| 29:29 | Mortar Team |
| 29:29 | Mortar Team |
| 31:48 | Mortar Team |
| 31:48 | Mortar Team |
| 33:23 | Mortar Team |
| 33:38 | Altar of Kings |
| 34:55 | Scout Tower |
| 34:55 | Scout Tower |
| 34:58 | Scout Tower |
| 37:37 | Storm Bolt |
| 37:45 | Farm |
| 37:45 | Farm |
| 37:46 | Farm |
| 37:58 | Guard Tower |
| 38:07 | Holy Light |
| 38:08 | Holy Light |
| 46:48 | Avatar |
| 47:06 | Avatar |
| 47:45 | Avatar |
| Right click | 2530 |
| Select group | 1046 |
| Select | 452 |
| Misc. action | 167 |
| Use ability | 166 |
| Build/train/purchase | 98 |
| Resource trade | 67 |
| Chat | 28 |
| Assign group | 18 |
| Minimap ping | 13 |
| Esc | 4 |
| Remove unit | 1 |


| Peasant | 20 | 1500 | / | 0 |
| Flying Machine | 37 | 3700 | / | 1110 |
| Dragonhawk Rider | 10 | 2000 | / | 300 |
| Mortar Team | 3 | 540 | / | 210 |
| Assassin | 1 | 250 | / | 30 |
| total: | 71 | 7990g | / | 1650w |
| Scout Tower | 17 | 510 | / | 340 |
| Arcane Tower | 4 | 280 | / | 200 |
| Guard Tower | 4 | 280 | / | 200 |
| Altar of Kings | 2 | 360 | / | 100 |
| Farm | 19 | 1520 | / | 380 |
| Lumber Mill | 2 | 240 | / | 0 |
| Blacksmith | 2 | 280 | / | 120 |
| Arcane Vault | 2 | 260 | / | 60 |
| Town Hall | 1 | 385 | / | 205 |
| Cannon Tower | 1 | 120 | / | 100 |
| Workshop | 4 | 560 | / | 560 |
| Gryphon Aviary | 1 | 140 | / | 150 |
| Keep | 1 | 320 | / | 210 |
| Castle | 1 | 360 | / | 210 |
| total: | 50 | 4255g | / | 1915w |
| 0:03 | Peasant |
| 0:03 | Peasant |
| 0:11 | Altar of Kings |
| 0:16 | Farm |
| 0:16 | Farm |
| 0:26 | Peasant |
| 0:44 | Peasant |
| 0:54 | Lumber Mill |
| 0:56 | Peasant |
| 1:04 | Peasant |
| 1:17 | Peasant |
| 1:17 | Peasant |
| 1:38 | Peasant |
| 1:46 | Peasant |
| 1:49 | Blacksmith |
| 1:52 | Peasant |
| 1:59 | Improved Lumber Harvesting |
| 2:08 | Peasant |
| 2:17 | Storm Bolt |
| 2:24 | Farm |
| 2:43 | Peasant |
| 3:01 | Farm |
| 3:03 | Farm |
| 3:06 | Keep |
| 3:07 | Black Gunpowder |
| 3:15 | Blacksmith |
| 4:09 | Improved Masonry |
| 4:36 | Iron Plating |
| 4:57 | Farm |
| 5:27 | Assassin |
| 5:32 | Refined Gunpowder |
| 5:36 | Farm |
| 5:41 | Castle |
| 5:55 | Workshop |
| 6:08 | Workshop |
| 6:10 | Workshop |
| 6:22 | Steel Plating |
| 6:27 | Farm |
| 6:40 | Workshop |
| 7:10 | Flying Machine |
| 7:10 | Flying Machine |
| 7:14 | Flying Machine |
| 7:14 | Flying Machine |
| 7:19 | Advanced Masonry |
| 7:24 | Flak Cannons |
| 7:31 | Farm |
| 7:42 | Flying Machine |
| 7:42 | Flying Machine |
| 7:42 | Flying Machine |
| 7:50 | Farm |
| 7:51 | Farm |
| 7:53 | Flying Machine |
| 8:07 | Flying Machine Bombs |
| 8:10 | Imbued Gunpowder |
| 8:36 | Flying Machine |
| 8:36 | Flying Machine |
| 8:36 | Flying Machine |
| 8:38 | Flying Machine |
| 8:38 | Flying Machine |
| 8:56 | Flying Machine |
| 8:56 | Flying Machine |
| 9:01 | Holy Light |
| 9:10 | Mithril Plating |
| 9:13 | Imbued Masonry |
| 9:21 | Farm |
| 9:31 | Bash |
| 9:54 | Flying Machine |
| 10:04 | Gryphon Aviary |
| 10:37 | Flying Machine |
| 10:37 | Flying Machine |
| 10:37 | Flying Machine |
| 10:38 | Flying Machine |
| 10:38 | Flying Machine |
| 10:38 | Flying Machine |
| 10:38 | Flying Machine |
| 11:30 | Arcane Vault |
| 12:20 | Cloud |
| 12:20 | Dragonhawk Rider |
| 12:20 | Dragonhawk Rider |
| 13:24 | Bash |
| 13:43 | Arcane Vault |
| 15:08 | Farm |
| 15:09 | Farm |
| 15:10 | Farm |
| 15:11 | Farm |
| 15:11 | Farm |
| 15:17 | Divine Shield |
| 15:25 | Town Hall |
| 16:12 | Farm |
| 16:16 | Farm |
| 17:08 | Peasant |
| 17:08 | Peasant |
| 18:21 | Peasant |
| 18:21 | Peasant |
| 18:21 | Peasant |
| 18:21 | Peasant |
| 18:21 | Peasant |
| 19:52 | Dragonhawk Rider |
| 21:12 | Altar of Kings |
| 22:38 | Flying Machine |
| 22:38 | Flying Machine |
| 22:38 | Flying Machine |
| 22:38 | Flying Machine |
| 22:38 | Flying Machine |
| 22:48 | Dragonhawk Rider |
| 22:48 | Dragonhawk Rider |
| 22:48 | Dragonhawk Rider |
| 22:48 | Dragonhawk Rider |
| 23:26 | Flying Machine |
| 27:52 | Dragonhawk Rider |
| 27:52 | Dragonhawk Rider |
| 27:53 | Dragonhawk Rider |
| 29:30 | Mortar Team |
| 33:03 | Storm Bolt |
| 34:08 | Divine Shield |
| 35:28 | Scout Tower |
| 35:29 | Scout Tower |
| 35:30 | Scout Tower |
| 35:31 | Scout Tower |
| 35:32 | Scout Tower |
| 35:33 | Scout Tower |
| 36:13 | Storm Bolt |
| 36:27 | Arcane Tower |
| 36:28 | Arcane Tower |
| 36:30 | Arcane Tower |
| 36:33 | Cannon Tower |
| 36:36 | Arcane Tower |
| 38:55 | Lumber Mill |
| 39:31 | Scout Tower |
| 39:32 | Scout Tower |
| 39:32 | Scout Tower |
| 39:34 | Scout Tower |
| 39:38 | Scout Tower |
| 39:39 | Scout Tower |
| 39:39 | Scout Tower |
| 40:14 | Guard Tower |
| 41:45 | Guard Tower |
| 42:38 | Mortar Team |
| 42:39 | Mortar Team |
| 44:36 | Flying Machine |
| 44:36 | Flying Machine |
| 45:19 | Flying Machine |
| 45:38 | Scout Tower |
| 45:39 | Scout Tower |
| 45:40 | Scout Tower |
| 45:41 | Scout Tower |
| 45:42 | Guard Tower |
| 47:33 | Guard Tower |
| 47:48 | Holy Light |
| 47:51 | Flying Machine |
| 47:52 | Flying Machine |
| 47:52 | Flying Machine |
| 47:52 | Flying Machine |
| 47:52 | Flying Machine |
| 50:03 | Resurrection |
| Right click | 4124 |
| Select group | 3454 |
| Select | 670 |
| Chat | 139 |
| Build/train/purchase | 133 |
| Minimap ping | 73 |
| Use ability | 51 |
| Assign group | 40 |
| Resource trade | 33 |
| Misc. action | 25 |
| Remove unit | 2 |
| Esc | 1 |
Cabeelibob
(194)
(51:58) : 
| Healing Salve | 4 | 400 |
| Lesser Clarity Potion | 2 | 140 |
| Potion of Mana | 5 | 1000 |
| Potion of Healing | 3 | 450 |
| Orb of Lightning | 2 | 750 |
| Tiny Great Hall | 4 | 2400 |
| Boots of Speed | 1 | 250 |
| Staff of Teleportation | 1 | 150 |
| Periapt of Vitality | 1 | 325 |
| total: | 23 | 5865g |
| Peon | 57 | 4275 | / | 0 |
| Troll Witch Doctor | 8 | 1160 | / | 200 |
| Shaman | 2 | 260 | / | 40 |
| Goblin Sapper | 1 | 215 | / | 100 |
| total: | 68 | 5910g | / | 340w |
| Watch Tower | 14 | 1540 | / | 1120 |
| Altar of Storms | 1 | 180 | / | 50 |
| Orc Burrow | 3 | 480 | / | 120 |
| War Mill | 3 | 615 | / | 0 |
| Voodoo Lounge | 2 | 260 | / | 60 |
| Great Hall | 3 | 1155 | / | 555 |
| Spirit Lodge | 1 | 150 | / | 150 |
| Stronghold | 2 | 630 | / | 380 |
| Fortress | 1 | 325 | / | 190 |
| total: | 27 | 4380g | / | 2055w |
| 0:10 | Altar of Storms |
| 0:13 | Orc Burrow |
| 0:14 | Peon |
| 0:14 | Peon |
| 0:31 | Peon |
| 0:31 | Peon |
| 0:43 | Peon |
| 1:02 | War Mill |
| 1:14 | Peon |
| 1:28 | Peon |
| 1:44 | Voodoo Lounge |
| 1:45 | Peon |
| 2:05 | Orc Burrow |
| 2:18 | Wind Walk |
| 2:22 | Peon |
| 2:22 | Peon |
| 2:49 | Watch Tower |
| 3:15 | Great Hall |
| 3:19 | Voodoo Lounge |
| 3:32 | Peon |
| 3:32 | Peon |
| 3:32 | Peon |
| 3:32 | Peon |
| 3:57 | Watch Tower |
| 4:14 | Spiked Barricades |
| 4:18 | Peon |
| 4:18 | Peon |
| 4:18 | Peon |
| 4:23 | Healing Salve |
| 4:25 | Lesser Clarity Potion |
| 4:56 | Boots of Speed |
| 4:57 | Staff of Teleportation |
| 5:28 | Stronghold |
| 6:20 | Stronghold |
| 8:25 | Watch Tower |
| 8:26 | Watch Tower |
| 9:05 | Critical Strike |
| 9:08 | Fortress |
| 9:20 | Spirit Lodge |
| 9:30 | Potion of Mana |
| 9:31 | Lesser Clarity Potion |
| 9:38 | Healing Salve |
| 11:05 | Witch Doctor Adept Training |
| 11:08 | Watch Tower |
| 11:28 | Potion of Healing |
| 11:35 | Potion of Mana |
| 11:41 | Orb of Lightning |
| 12:50 | Watch Tower |
| 12:50 | Watch Tower |
| 12:52 | Watch Tower |
| 12:53 | Watch Tower |
| 12:59 | Watch Tower |
| 13:00 | Watch Tower |
| 13:02 | Watch Tower |
| 13:03 | Watch Tower |
| 13:05 | Watch Tower |
| 13:22 | Witch Doctor Master Training |
| 14:15 | Great Hall |
| 15:46 | Troll Witch Doctor |
| 15:46 | Troll Witch Doctor |
| 15:46 | Troll Witch Doctor |
| 15:46 | Troll Witch Doctor |
| 16:01 | Healing Salve |
| 16:17 | Potion of Healing |
| 16:20 | Potion of Mana |
| 16:33 | Tiny Great Hall |
| 17:14 | Critical Strike |
| 17:41 | Great Hall |
| 18:38 | Wind Walk |
| 19:54 | Shaman Adept Training |
| 20:17 | Peon |
| 20:17 | Peon |
| 20:17 | Peon |
| 20:17 | Peon |
| 20:18 | Peon |
| 20:39 | Tiny Great Hall |
| 22:13 | Peon |
| 22:14 | Peon |
| 22:14 | Peon |
| 22:14 | Peon |
| 23:57 | Shaman Master Training |
| 25:06 | Critical Strike |
| 26:45 | Bladestorm |
| 27:49 | Shaman |
| 27:50 | Shaman |
| 30:39 | Peon |
| 30:39 | Peon |
| 30:39 | Peon |
| 30:39 | Peon |
| 30:40 | Peon |
| 30:40 | Peon |
| 31:25 | Periapt of Vitality |
| 31:43 | Tiny Great Hall |
| 33:05 | Wind Walk |
| 35:22 | Peon |
| 35:22 | Peon |
| 35:22 | Peon |
| 35:23 | Peon |
| 36:33 | Peon |
| 36:33 | Peon |
| 36:33 | Peon |
| 36:33 | Peon |
| 36:33 | Peon |
| 37:06 | Orb of Lightning |
| 37:09 | Potion of Mana |
| 37:51 | Troll Witch Doctor |
| 37:51 | Troll Witch Doctor |
| 37:51 | Troll Witch Doctor |
| 37:51 | Troll Witch Doctor |
| 38:17 | Tiny Great Hall |
| 38:48 | War Mill |
| 40:14 | Orc Burrow |
| 41:26 | Peon |
| 41:26 | Peon |
| 41:26 | Peon |
| 41:26 | Peon |
| 41:26 | Peon |
| 41:35 | Goblin Sapper |
| 42:31 | Mirror Image |
| 43:46 | Peon |
| 43:46 | Peon |
| 43:46 | Peon |
| 43:46 | Peon |
| 43:46 | Peon |
| 44:01 | Peon |
| 47:36 | Peon |
| 47:36 | Peon |
| 47:36 | Peon |
| 48:18 | Potion of Mana |
| 48:21 | Healing Salve |
| 48:24 | Potion of Healing |
| 48:46 | Mirror Image |
| 48:46 | Mirror Image |
| 50:13 | Peon |
| 51:27 | War Mill |
| 51:33 | Peon |
| Right click | 1385 |
| Chat | 260 |
| Select group | 235 |
| Select | 205 |
| Build/train/purchase | 190 |
| Misc. action | 171 |
| Resource trade | 107 |
| Use ability | 23 |
| Item give/drop | 10 |
| Remove unit | 7 |
| Minimap ping | 4 |
| Assign group | 2 |
| Esc | 1 |
299 units @ 42.6k
/ 6.2k
188 buildings @ 27.7k
/ 15.7k

| Potion of Healing | 1 | 150 |
| total: | 1 | 150g |
| Peasant | 29 | 2175 | / | 0 |
| Rifleman | 11 | 2255 | / | 330 |
| Priest | 19 | 2565 | / | 190 |
| Dragonhawk Rider | 34 | 6800 | / | 1020 |
| Gryphon Rider | 14 | 3920 | / | 980 |
| total: | 107 | 17715g | / | 2520w |
| Scout Tower | 6 | 180 | / | 120 |
| Guard Tower | 6 | 420 | / | 300 |
| Altar of Kings | 1 | 180 | / | 50 |
| Farm | 13 | 1040 | / | 260 |
| Barracks | 1 | 160 | / | 60 |
| Blacksmith | 2 | 280 | / | 120 |
| Lumber Mill | 1 | 120 | / | 0 |
| Arcane Vault | 2 | 260 | / | 60 |
| Town Hall | 7 | 2695 | / | 1435 |
| Arcane Sanctum | 3 | 450 | / | 420 |
| Gryphon Aviary | 3 | 420 | / | 450 |
| Keep | 1 | 320 | / | 210 |
| Castle | 1 | 360 | / | 210 |
| total: | 39 | 5785g | / | 2975w |
| 0:07 | Altar of Kings |
| 0:09 | Peasant |
| 0:09 | Peasant |
| 0:16 | Farm |
| 0:19 | Peasant |
| 0:19 | Peasant |
| 0:55 | Barracks |
| 1:00 | Peasant |
| 1:15 | Farm |
| 1:17 | Peasant |
| 1:29 | Peasant |
| 1:49 | Farm |
| 1:57 | Blacksmith |
| 2:00 | Blacksmith |
| 2:05 | Peasant |
| 2:06 | Peasant |
| 2:10 | Blizzard |
| 2:30 | Farm |
| 2:38 | Peasant |
| 3:07 | Rifleman |
| 3:07 | Rifleman |
| 3:11 | Black Gunpowder |
| 3:17 | Farm |
| 3:32 | Lumber Mill |
| 3:36 | Rifleman |
| 4:06 | Farm |
| 4:09 | Rifleman |
| 4:35 | Rifleman |
| 4:41 | Studded Leather Armor |
| 5:08 | Brilliance Aura |
| 5:15 | Keep |
| 5:21 | Rifleman |
| 5:35 | Farm |
| 6:29 | Rifleman |
| 6:29 | Rifleman |
| 6:43 | Arcane Vault |
| 6:50 | Improved Lumber Harvesting |
| 7:26 | Blizzard |
| 7:38 | Arcane Sanctum |
| 7:41 | Long Rifles |
| 7:41 | Rifleman |
| 7:42 | Rifleman |
| 7:45 | Peasant |
| 7:45 | Peasant |
| 8:11 | Potion of Healing |
| 8:23 | Refined Gunpowder |
| 8:41 | Farm |
| 8:43 | Farm |
| 10:12 | Town Hall |
| 10:26 | Priest |
| 10:26 | Priest |
| 10:26 | Priest |
| 10:30 | Arcane Sanctum |
| 10:32 | Castle |
| 11:10 | Gryphon Aviary |
| 11:12 | Gryphon Aviary |
| 11:16 | Priest Adept Training |
| 11:52 | Priest |
| 11:53 | Priest |
| 11:57 | Rifleman |
| 12:55 | Iron Forged Swords |
| 13:00 | Priest Master Training |
| 13:02 | Priest |
| 13:02 | Priest |
| 13:44 | Cloud |
| 13:49 | Peasant |
| 13:49 | Peasant |
| 13:49 | Peasant |
| 13:51 | Peasant |
| 13:57 | Steel Forged Swords |
| 14:06 | Dragonhawk Rider |
| 14:13 | Scout Tower |
| 14:22 | Scout Tower |
| 14:35 | Dragonhawk Rider |
| 14:44 | Guard Tower |
| 15:11 | Guard Tower |
| 15:15 | Scout Tower |
| 15:16 | Dragonhawk Rider |
| 15:17 | Dragonhawk Rider |
| 15:46 | Dragonhawk Rider |
| 15:54 | Scout Tower |
| 15:55 | Guard Tower |
| 16:02 | Advanced Lumber Harvesting |
| 16:16 | Mithril Forged Swords |
| 16:25 | Dragonhawk Rider |
| 16:32 | Farm |
| 16:41 | Guard Tower |
| 16:55 | Dragonhawk Rider |
| 17:02 | Peasant |
| 17:02 | Peasant |
| 17:16 | Farm |
| 17:43 | Dragonhawk Rider |
| 17:44 | Dragonhawk Rider |
| 18:13 | Dragonhawk Rider |
| 18:56 | Dragonhawk Rider |
| 19:21 | Dragonhawk Rider |
| 19:41 | Dragonhawk Rider |
| 20:16 | Dragonhawk Rider |
| 21:07 | Brilliance Aura |
| 22:26 | Town Hall |
| 22:37 | Dragonhawk Rider |
| 22:39 | Dragonhawk Rider |
| 23:13 | Dragonhawk Rider |
| 23:14 | Dragonhawk Rider |
| 23:42 | Dragonhawk Rider |
| 24:02 | Priest |
| 24:02 | Priest |
| 24:11 | Dragonhawk Rider |
| 24:30 | Peasant |
| 24:47 | Iron Plating |
| 24:53 | Priest |
| 25:30 | Dragonhawk Rider |
| 25:32 | Dragonhawk Rider |
| 25:54 | Steel Plating |
| 26:00 | Priest |
| 26:54 | Dragonhawk Rider |
| 27:09 | Peasant |
| 27:09 | Peasant |
| 29:11 | Town Hall |
| 30:21 | Dragonhawk Rider |
| 30:23 | Dragonhawk Rider |
| 30:48 | Town Hall |
| 31:16 | Dragonhawk Rider |
| 32:37 | Blizzard |
| 33:07 | Dragonhawk Rider |
| 33:08 | Dragonhawk Rider |
| 33:24 | Priest |
| 33:25 | Priest |
| 33:25 | Priest |
| 33:32 | Dragonhawk Rider |
| 33:56 | Gryphon Rider |
| 34:04 | Arcane Vault |
| 34:08 | Scout Tower |
| 34:16 | Peasant |
| 34:16 | Peasant |
| 34:17 | Peasant |
| 34:21 | Peasant |
| 34:22 | Peasant |
| 34:53 | Town Hall |
| 35:03 | Guard Tower |
| 35:16 | Gryphon Rider |
| 35:54 | Storm Hammers |
| 35:57 | Gryphon Rider |
| 36:01 | Reinforced Leather Armor |
| 36:12 | Improved Masonry |
| 36:21 | Gryphon Rider |
| 36:41 | Peasant |
| 36:41 | Peasant |
| 36:49 | Arcane Sanctum |
| 36:50 | Gryphon Rider |
| 36:59 | Dragonhawk Rider |
| 37:04 | Gryphon Rider |
| 37:22 | Peasant |
| 37:32 | Dragonhawk Rider |
| 38:01 | Gryphon Rider |
| 38:06 | Gryphon Aviary |
| 38:12 | Priest |
| 38:12 | Priest |
| 38:13 | Priest |
| 38:25 | Dragonhide Armor |
| 38:28 | Dragonhawk Rider |
| 38:30 | Gryphon Rider |
| 38:57 | Gryphon Rider |
| 39:01 | Dragonhawk Rider |
| 39:08 | Priest |
| 39:26 | Scout Tower |
| 39:28 | Gryphon Rider |
| 39:55 | Dragonhawk Rider |
| 40:01 | Gryphon Rider |
| 40:56 | Guard Tower |
| 41:14 | Gryphon Rider |
| 41:23 | Priest |
| 42:37 | Farm |
| 42:44 | Farm |
| 46:01 | Town Hall |
| 49:41 | Mass Teleport |
| 50:40 | Town Hall |
| 51:06 | Gryphon Rider |
| 51:07 | Gryphon Rider |
| Select | 593 |
| Right click | 384 |
| Select group | 342 |
| Build/train/purchase | 156 |
| Assign group | 47 |
| Use ability | 42 |
| Resource trade | 29 |
| Esc | 15 |
| Remove unit | 4 |
| Minimap ping | 3 |
| Item give/drop | 1 |


| Healing Salve | 1 | 100 |
| Lesser Clarity Potion | 3 | 210 |
| Potion of Healing | 3 | 450 |
| Potion of Mana | 1 | 200 |
| Scroll of Town Portal | 7 | 2450 |
| Dust of Appearance | 1 | 75 |
| Potion of Lesser Invulnerability | 1 | 150 |
| Scroll of Regeneration | 2 | 200 |
| total: | 19 | 3835g |
| Peon | 13 | 975 | / | 0 |
| Grunt | 1 | 200 | / | 0 |
| Troll Headhunter | 16 | 2240 | / | 320 |
| Shaman | 4 | 520 | / | 80 |
| Troll Witch Doctor | 3 | 435 | / | 75 |
| Spirit Walker | 3 | 585 | / | 105 |
| total: | 40 | 4955g | / | 580w |
| Watch Tower | 1 | 110 | / | 80 |
| Altar of Storms | 1 | 180 | / | 50 |
| Orc Burrow | 13 | 2080 | / | 520 |
| Barracks | 3 | 540 | / | 150 |
| War Mill | 1 | 205 | / | 0 |
| Voodoo Lounge | 1 | 130 | / | 30 |
| Great Hall | 3 | 1155 | / | 555 |
| Spirit Lodge | 2 | 300 | / | 300 |
| Tauren Totem | 1 | 135 | / | 155 |
| Stronghold | 3 | 945 | / | 570 |
| Fortress | 1 | 325 | / | 190 |
| total: | 26 | 4835g | / | 1840w |
| 0:02 | Peon |
| 0:02 | Peon |
| 0:07 | Altar of Storms |
| 0:16 | Orc Burrow |
| 0:19 | Orc Burrow |
| 0:25 | Peon |
| 0:42 | Peon |
| 1:02 | Peon |
| 1:04 | Barracks |
| 1:14 | War Mill |
| 1:20 | Peon |
| 1:36 | Peon |
| 1:46 | Orc Burrow |
| 1:51 | Peon |
| 2:11 | Grunt |
| 2:20 | Feral Spirit |
| 2:33 | Voodoo Lounge |
| 2:40 | Troll Headhunter |
| 3:02 | Troll Headhunter |
| 3:08 | Orc Burrow |
| 3:20 | Troll Headhunter |
| 3:33 | Troll Headhunter |
| 3:41 | Chain Lighting |
| 3:50 | Healing Salve |
| 3:51 | Lesser Clarity Potion |
| 4:03 | Troll Headhunter |
| 4:29 | Great Hall |
| 4:45 | Troll Headhunter |
| 5:00 | Lesser Clarity Potion |
| 5:07 | Troll Headhunter |
| 5:12 | Steel Ranged Weapons |
| 5:15 | Spiked Barricades |
| 5:35 | Troll Headhunter |
| 5:40 | Orc Burrow |
| 6:01 | Troll Headhunter |
| 6:18 | Chain Lighting |
| 6:42 | Stronghold |
| 7:07 | Troll Headhunter |
| 7:07 | Troll Headhunter |
| 7:41 | Steel Armor |
| 7:43 | Watch Tower |
| 8:42 | Feral Spirit |
| 8:54 | Troll Headhunter |
| 8:54 | Troll Headhunter |
| 9:06 | Spirit Lodge |
| 9:07 | Spirit Lodge |
| 9:08 | Tauren Totem |
| 9:23 | Troll Headhunter |
| 9:33 | Peon |
| 9:33 | Peon |
| 9:33 | Peon |
| 9:33 | Peon |
| 10:02 | War Stomp |
| 10:03 | Troll Headhunter |
| 10:05 | Troll Headhunter |
| 10:56 | Shaman |
| 10:56 | Shaman Adept Training |
| 10:57 | Troll Witch Doctor |
| 10:57 | Witch Doctor Adept Training |
| 10:58 | Troll Witch Doctor |
| 10:58 | Shaman |
| 11:01 | Fortress |
| 11:08 | Spirit Walker |
| 11:35 | Shaman |
| 11:37 | Spirit Walker |
| 11:40 | Peon |
| 12:55 | Shaman |
| 12:55 | Spirit Walker |
| 12:57 | Troll Regeneration |
| 12:59 | Orc Burrow |
| 13:06 | Troll Witch Doctor |
| 13:28 | Shaman Master Training |
| 13:43 | Orc Burrow |
| 14:37 | Great Hall |
| 18:14 | Scroll of Town Portal |
| 18:50 | Endurance Aura |
| 18:59 | Great Hall |
| 19:10 | Orc Burrow |
| 19:33 | Scroll of Town Portal |
| 21:20 | Feral Spirit |
| 21:46 | Barracks |
| 21:47 | Barracks |
| 22:25 | Orc Burrow |
| 22:27 | Orc Burrow |
| 24:10 | Stronghold |
| 24:31 | Endurance Aura |
| 25:15 | Orc Burrow |
| 25:17 | Orc Burrow |
| 25:19 | Orc Burrow |
| 25:44 | Dust of Appearance |
| 25:49 | Potion of Lesser Invulnerability |
| 26:41 | Stronghold |
| 26:58 | Scroll of Town Portal |
| 26:58 | Scroll of Town Portal |
| 31:09 | Scroll of Town Portal |
| 31:09 | Scroll of Town Portal |
| 31:12 | Earth Quake |
| 31:14 | Scroll of Regeneration |
| 31:19 | Potion of Healing |
| 32:43 | War Stomp |
| 35:58 | Scroll of Town Portal |
| 35:58 | Potion of Healing |
| 36:00 | Potion of Mana |
| 36:03 | Scroll of Regeneration |
| 36:05 | Lesser Clarity Potion |
| 36:08 | Potion of Healing |
| Right click | 1588 |
| Select group | 1087 |
| Chat | 894 |
| Select | 423 |
| Build/train/purchase | 158 |
| Minimap ping | 117 |
| Assign group | 98 |
| Use ability | 87 |
| Item give/drop | 5 |
| Esc | 5 |
| Misc. action | 4 |

| Healing Salve | 5 | 500 |
| Orb of Lightning | 1 | 375 |
| Lesser Clarity Potion | 1 | 70 |
| Scroll of Town Portal | 6 | 2100 |
| Boots of Speed | 1 | 250 |
| Potion of Lesser Invulnerability | 2 | 300 |
| Circlet of Nobility | 2 | 350 |
| total: | 18 | 3945g |
| Peon | 23 | 1725 | / | 0 |
| Shaman | 3 | 390 | / | 60 |
| Raider | 11 | 1980 | / | 440 |
| Troll Batrider | 33 | 5280 | / | 1320 |
| Wind Rider | 6 | 1590 | / | 240 |
| total: | 76 | 10965g | / | 2060w |
| Watch Tower | 60 | 6600 | / | 4800 |
| War Mill | 1 | 205 | / | 0 |
| Orc Burrow | 6 | 960 | / | 240 |
| Altar of Storms | 1 | 180 | / | 50 |
| Voodoo Lounge | 1 | 130 | / | 30 |
| Great Hall | 2 | 770 | / | 370 |
| Spirit Lodge | 1 | 150 | / | 150 |
| Beastiary | 7 | 1015 | / | 980 |
| Stronghold | 1 | 315 | / | 190 |
| Fortress | 1 | 325 | / | 190 |
| total: | 79 | 10010g | / | 6620w |
| 0:03 | Peon |
| 0:03 | Peon |
| 0:03 | Peon |
| 0:03 | Peon |
| 0:21 | War Mill |
| 0:22 | Peon |
| 0:36 | Orc Burrow |
| 0:52 | Altar of Storms |
| 0:57 | Peon |
| 1:23 | Peon |
| 1:31 | Orc Burrow |
| 1:32 | Peon |
| 1:32 | Peon |
| 1:44 | Peon |
| 1:58 | Voodoo Lounge |
| 2:05 | Peon |
| 2:06 | Peon |
| 2:09 | Spiked Barricades |
| 2:49 | Stronghold |
| 2:54 | Shockwave |
| 3:03 | Watch Tower |
| 3:05 | Healing Salve |
| 3:26 | Steel Melee Weapons |
| 3:26 | Steel Armor |
| 4:40 | Boots of Speed |
| 5:12 | Fortress |
| 5:12 | Reinforced Defenses |
| 5:14 | Spirit Lodge |
| 5:27 | Thorium Melee Weapons |
| 5:48 | Thorium Armor |
| 5:51 | Endurance Aura |
| 6:27 | Shaman Adept Training |
| 6:32 | Beastiary |
| 6:41 | Beastiary |
| 7:44 | Endurance Aura |
| 7:48 | Orc Burrow |
| 7:49 | Pillage |
| 7:49 | Ensnare |
| 7:50 | Shaman Master Training |
| 7:56 | Orc Burrow |
| 7:57 | Shaman |
| 8:08 | Raider |
| 8:08 | Raider |
| 8:35 | Raider |
| 8:50 | Raider |
| 9:39 | Raider |
| 9:49 | Arcanite Melee Weapons |
| 10:05 | Improved Spiked Barricades |
| 10:37 | Healing Salve |
| 10:37 | Scroll of Town Portal |
| 10:42 | Orb of Lightning |
| 11:05 | Arcanite Armor |
| 11:29 | Watch Tower |
| 11:32 | Watch Tower |
| 11:34 | Watch Tower |
| 11:35 | Watch Tower |
| 12:08 | Raider |
| 12:11 | Watch Tower |
| 12:33 | Watch Tower |
| 12:52 | Watch Tower |
| 12:55 | Watch Tower |
| 13:19 | Watch Tower |
| 13:32 | Peon |
| 13:32 | Peon |
| 13:40 | Watch Tower |
| 13:53 | Watch Tower |
| 13:55 | Watch Tower |
| 14:01 | Watch Tower |
| 14:05 | Peon |
| 14:05 | Peon |
| 14:17 | Watch Tower |
| 14:20 | Watch Tower |
| 14:22 | Watch Tower |
| 14:32 | Watch Tower |
| 14:35 | Watch Tower |
| 14:47 | Watch Tower |
| 14:48 | Watch Tower |
| 14:49 | Peon |
| 14:59 | Watch Tower |
| 15:04 | Orc Burrow |
| 15:35 | Beastiary |
| 16:21 | Beastiary |
| 16:23 | Beastiary |
| 16:25 | Beastiary |
| 16:26 | Shaman |
| 16:37 | Beastiary |
| 16:44 | Raider |
| 17:01 | Raider |
| 17:09 | Troll Batrider |
| 17:09 | Troll Batrider |
| 17:16 | Troll Batrider |
| 17:38 | Troll Batrider |
| 17:38 | Troll Batrider |
| 18:03 | Troll Batrider |
| 18:19 | Shockwave |
| 18:21 | Troll Batrider |
| 18:33 | Troll Batrider |
| 18:47 | Troll Batrider |
| 18:47 | Troll Batrider |
| 19:12 | Lesser Clarity Potion |
| 19:12 | Healing Salve |
| 19:29 | Great Hall |
| 19:44 | Steel Ranged Weapons |
| 20:08 | Troll Batrider |
| 20:08 | Troll Batrider |
| 21:41 | Troll Batrider |
| 21:41 | Troll Batrider |
| 22:02 | Troll Batrider |
| 22:17 | Peon |
| 22:17 | Peon |
| 22:18 | Peon |
| 22:44 | Watch Tower |
| 22:44 | Watch Tower |
| 22:45 | Watch Tower |
| 22:50 | Watch Tower |
| 22:50 | Watch Tower |
| 23:03 | Raider |
| 23:12 | Watch Tower |
| 23:22 | Raider |
| 23:54 | Watch Tower |
| 23:55 | Watch Tower |
| 23:57 | Watch Tower |
| 24:03 | Raider |
| 24:07 | Envenomed Spears |
| 24:25 | Watch Tower |
| 24:27 | Peon |
| 24:40 | Troll Batrider |
| 24:42 | Troll Batrider |
| 24:53 | Thorium Ranged Weapons |
| 25:00 | Watch Tower |
| 25:06 | Endurance Aura |
| 25:20 | Watch Tower |
| 25:21 | Watch Tower |
| 25:28 | Troll Batrider |
| 25:41 | Troll Batrider |
| 26:07 | Watch Tower |
| 26:08 | Watch Tower |
| 26:23 | Watch Tower |
| 26:45 | Troll Batrider |
| 26:47 | Watch Tower |
| 27:08 | Watch Tower |
| 27:22 | Watch Tower |
| 27:25 | Watch Tower |
| 27:49 | Watch Tower |
| 28:02 | Potion of Lesser Invulnerability |
| 28:14 | Watch Tower |
| 29:24 | Watch Tower |
| 29:50 | Troll Batrider |
| 29:50 | Troll Batrider |
| 31:01 | Troll Batrider |
| 31:01 | Troll Batrider |
| 31:22 | Troll Batrider |
| 32:12 | Troll Batrider |
| 32:12 | Troll Batrider |
| 33:01 | Healing Salve |
| 33:06 | Scroll of Town Portal |
| 33:22 | Troll Batrider |
| 33:22 | Troll Batrider |
| 33:44 | Watch Tower |
| 33:46 | Watch Tower |
| 34:02 | Watch Tower |
| 34:43 | Watch Tower |
| 34:53 | Watch Tower |
| 34:55 | Watch Tower |
| 35:01 | Scroll of Town Portal |
| 35:06 | Watch Tower |
| 35:39 | Scroll of Town Portal |
| 35:44 | Watch Tower |
| 35:55 | Watch Tower |
| 36:05 | Watch Tower |
| 36:21 | Watch Tower |
| 36:37 | Circlet of Nobility |
| 36:51 | Potion of Lesser Invulnerability |
| 37:32 | Great Hall |
| 37:51 | Circlet of Nobility |
| 38:03 | Watch Tower |
| 38:25 | Troll Batrider |
| 38:48 | Watch Tower |
| 39:11 | Scroll of Town Portal |
| 39:12 | Healing Salve |
| 39:24 | Troll Batrider |
| 39:41 | Watch Tower |
| 39:52 | Troll Batrider |
| 40:02 | Peon |
| 40:07 | Peon |
| 40:28 | Scroll of Town Portal |
| 42:05 | Wind Rider |
| 42:05 | Wind Rider |
| 42:06 | Wind Rider |
| 42:06 | Wind Rider |
| 42:06 | Wind Rider |
| 42:09 | Shaman |
| 42:23 | Arcanite Ranged Weapons |
| 42:57 | Watch Tower |
| 43:11 | Wind Rider |
| 43:47 | Troll Batrider |
| 43:59 | Orc Burrow |
| Right click | 1020 |
| Select | 804 |
| Chat | 594 |
| Build/train/purchase | 204 |
| Misc. action | 198 |
| Use ability | 153 |
| Item give/drop | 12 |
| Minimap ping | 5 |
| Remove unit | 1 |


| Orb of Venom | 2 | 650 |
| Staff of Preservation | 1 | 150 |
| Potion of Healing | 1 | 150 |
| Anti-magic Potion | 2 | 200 |
| Scroll of Town Portal | 2 | 700 |
| Boots of Speed | 2 | 500 |
| Periapt of Vitality | 1 | 325 |
| Potion of Invisibility | 1 | 100 |
| Staff of Teleportation | 1 | 150 |
| total: | 13 | 2925g |
| Wisp | 45 | 2700 | / | 0 |
| Archer | 13 | 1690 | / | 130 |
| Hippogryph | 9 | 1440 | / | 180 |
| Mountain Giant | 4 | 1400 | / | 400 |
| Chimaera | 4 | 1320 | / | 280 |
| Goblin Shredder | 1 | 375 | / | 100 |
| total: | 76 | 8925g | / | 1090w |
| Ancient Protector | 17 | 2295 | / | 1360 |
| Altar of Elders | 1 | 180 | / | 50 |
| Moon Well | 6 | 1080 | / | 240 |
| Ancient of War | 4 | 600 | / | 240 |
| Tree of Life | 3 | 1020 | / | 555 |
| Hunter's Hall | 1 | 210 | / | 100 |
| Ancient of Wonders | 1 | 90 | / | 30 |
| Ancient of Wind | 6 | 900 | / | 840 |
| Ancient of Lore | 2 | 310 | / | 290 |
| Chimaera Roost | 3 | 420 | / | 570 |
| Tree of Ages | 1 | 320 | / | 180 |
| Tree of Eternity | 1 | 330 | / | 200 |
| total: | 44 | 7105g | / | 4275w |
| 0:02 | Wisp |
| 0:02 | Wisp |
| 0:06 | Altar of Elders |
| 0:12 | Wisp |
| 0:19 | Moon Well |
| 0:22 | Wisp |
| 0:39 | Ancient of War |
| 0:42 | Wisp |
| 0:42 | Wisp |
| 0:47 | Wisp |
| 0:47 | Wisp |
| 0:59 | Wisp |
| 1:08 | Wisp |
| 1:16 | Wisp |
| 1:24 | Wisp |
| 1:34 | Moon Well |
| 1:37 | Wisp |
| 1:43 | Archer |
| 1:44 | Archer |
| 1:57 | Moon Well |
| 2:11 | Entangling Roots |
| 2:29 | Wisp |
| 2:29 | Wisp |
| 2:29 | Wisp |
| 3:37 | Force of Nature |
| 3:45 | Tree of Ages |
| 3:50 | Tree of Life |
| 4:09 | Tree of Life |
| 4:27 | Moon Well |
| 4:30 | Hunter's Hall |
| 4:52 | Ancient of Wonders |
| 5:04 | Archer |
| 5:04 | Archer |
| 5:05 | Archer |
| 5:05 | Archer |
| 5:05 | Archer |
| 5:05 | Archer |
| 5:48 | Force of Nature |
| 5:56 | Boots of Speed |
| 5:58 | Periapt of Vitality |
| 6:08 | Improved Bows |
| 6:09 | Archer |
| 6:14 | Ancient of Wind |
| 6:15 | Ancient of Wind |
| 6:17 | Ancient of Wind |
| 6:19 | Ancient of Lore |
| 6:23 | Ancient of Lore |
| 6:50 | Archer |
| 6:57 | Wisp |
| 6:57 | Wisp |
| 6:57 | Wisp |
| 6:58 | Wisp |
| 6:58 | Wisp |
| 7:16 | Archer |
| 7:42 | Hippogryph |
| 8:02 | Tree of Eternity |
| 8:21 | Hippogryph |
| 8:23 | Wisp |
| 8:50 | Mountain Giant |
| 9:08 | Wisp |
| 9:08 | Wisp |
| 9:09 | Wisp |
| 9:09 | Wisp |
| 9:09 | Wisp |
| 9:09 | Wisp |
| 9:57 | Mountain Giant |
| 10:22 | Mountain Giant |
| 10:25 | Moon Well |
| 10:38 | Entangling Roots |
| 10:54 | Wisp |
| 10:54 | Wisp |
| 10:54 | Wisp |
| 10:55 | Wisp |
| 10:55 | Wisp |
| 11:27 | Moon Well |
| 11:49 | Reinforced Hides |
| 11:49 | Strength of the Wild |
| 11:49 | Well Spring |
| 12:21 | Hardened Skin |
| 12:22 | Resistant Skin |
| 12:23 | Mountain Giant |
| 12:53 | Ancient Protector |
| 12:55 | Ancient Protector |
| 12:58 | Ancient Protector |
| 13:15 | Ancient Protector |
| 13:19 | Ancient Protector |
| 13:36 | Goblin Shredder |
| 14:31 | Ancient Protector |
| 14:41 | Ancient Protector |
| 14:43 | Ancient Protector |
| 14:46 | Ancient Protector |
| 14:49 | Ancient Protector |
| 14:51 | Nature's Blessing |
| 15:55 | Hippogryph |
| 15:57 | Hippogryph |
| 15:58 | Hippogryph |
| 17:16 | Ancient of Wind |
| 17:19 | Wisp |
| 17:19 | Wisp |
| 17:19 | Wisp |
| 17:19 | Wisp |
| 17:19 | Wisp |
| 17:19 | Wisp |
| 17:20 | Wisp |
| 17:20 | Wisp |
| 17:40 | Summon Lava Spawn |
| 17:45 | Scroll of Town Portal |
| 17:49 | Orb of Venom |
| 17:53 | Staff of Preservation |
| 19:42 | Chimaera Roost |
| 19:43 | Chimaera Roost |
| 19:44 | Chimaera Roost |
| 19:48 | Ancient of Wind |
| 19:51 | Ancient of Wind |
| 20:07 | Orb of Venom |
| 20:07 | Potion of Healing |
| 20:08 | Anti-magic Potion |
| 20:11 | Scroll of Town Portal |
| 21:40 | Soul Burn |
| 22:07 | Hippogryph |
| 22:08 | Hippogryph |
| 22:10 | Corrosive Breath |
| 22:10 | Chimaera |
| 22:12 | Chimaera |
| 22:27 | Improved Reinforced Hides |
| 22:27 | Improved Strength of the Wild |
| 23:03 | Hippogryph |
| 23:56 | Hippogryph |
| 23:57 | Chimaera |
| 24:15 | Chimaera |
| 25:23 | Summon Lava Spawn |
| 26:22 | Boots of Speed |
| 28:04 | Ancient of War |
| 28:06 | Ancient of War |
| 28:09 | Ancient of War |
| 28:12 | Strength of the Moon |
| 28:13 | Moon Armor |
| 29:50 | Marksmanship |
| 29:50 | Archer |
| 29:50 | Archer |
| 29:52 | Improved Strength of the Moon |
| 29:58 | Ancient Protector |
| 30:01 | Ancient Protector |
| 30:04 | Ancient Protector |
| 30:07 | Ancient Protector |
| 30:10 | Ancient Protector |
| 30:47 | Tree of Life |
| 33:04 | Soul Burn |
| 33:59 | Ancient Protector |
| 34:03 | Ancient Protector |
| 38:34 | Anti-magic Potion |
| 39:59 | Potion of Invisibility |
| 43:16 | Staff of Teleportation |
| 47:24 | Wisp |
| 47:24 | Wisp |
| 48:54 | Wisp |
| 48:54 | Wisp |
| Right click | 1215 |
| Select | 602 |
| Select group | 566 |
| Misc. action | 343 |
| Build/train/purchase | 182 |
| Use ability | 80 |
| Assign group | 24 |
| Esc | 9 |
| Item give/drop | 7 |
| Minimap ping | 4 |
⇛